[Event "*** Titled Tuesday Blitz"]
[Site "Chess.com"]
[Date "2021.04.06"]
[Round "6"]
[White "KafkaesqueKnight"]
[Black "Kale36"]
[Result "1-0"]
[WhiteElo "2264"]
[BlackElo "2397"]
[TimeControl "180+1"]
[EndTime "11:10:18 PDT"]
[Termination "KafkaesqueKnight won on time"]

1. d4 Nc6 2. c4 e5 3. d5 Nce7 4. Nc3 Nf6 5. h4 h5 6. Nf3 Ng6 7. a3 d6 8. e3 Be7 9. Bd3 Ng4 10. Bxg6 fxg6 11. Qc2 Bf5 12. e4 Bd7 13. Bg5 O-O 14. O-O-O Nf6 15. Be3 Bg4 16. Ng5 Bxd1 17. Nxd1 Ng4 18.
Ne6 Qd7 19. Nxf8 Rxf8 20. f3 Nxe3 21. Nxe3 Qd8 22. Qf2 Rf4 23. Qg3 Kh7 24. Kc2 a6 25.
b4 b5 26. cxb5 axb5 27. Kb3 Qa8 28. Rc1 Qa7 29. Qf2 Rf8 30. Nd1 Qa4+ 31. Kb2 Ra8 32. Rc3 Qa6 33. Qc2 Ra7 34. g3 Qb6 35. Qf2 Qb8 36.
Qe3 Ra8 37. Nf2 Qf8 38. Nd3 Qf7 39. Rxc7 Rf8 40. Ne1 Qf6 41. Rc6 Qf7 42. Rc7 Qe8 43. Rb7 Qc8 44. Rxb5 Qc4 45. Qd3 Qc8 46. Qc3 Qh3 47.
Rb7 Rc8 48. Rc7 Rxc7 49. Qxc7 Qxg3 50. Nc2 Bxh4 51. Qxd6 Qxf3 52. b5 Qe2 53. b6 Bf2 54. b7 Bd4+ 55. Kb3 Qb5+ 56. Qb4 Qd3+ 57. Ka4 Qxc2+ 58.
Kb5 Ba7 59. Ka6 Bb8 60. d6 Qe2+ 61. Ka5 Qe3 62. d7 Qa7+ 63. Kb5 Bc7 64. Kc6 Bd8 65. Kd6 Qb8+ 66. Ke6 h4 67. Kf7 h3 68. Qf8 Kh6 69.
Qxg7+ Kh5 70. Qh7+ Kg4 71. Qxg6+ Bg5 72. Qf5+ Kh5 73.
Qh7+ Kg4 74. Qf5+ Kh5 75. Qxh3+ Bh4 76. Qf5+ Bg5 77. Qe6 Qd8 78. Qg6+ Kg4 79. Qf5+ Kh5 80. Qe6 1-0

[Event "*** Titled Tuesday Blitz"]
[Site "Chess.com"]
[Date "2021.04.06"]
[Round "6"]
[White "Oleksandr_Bortnyk"]
[Black "Firouzja2003"]
[Result "1/2-1/2"]
[WhiteElo "2953"]
[BlackElo "3135"]
[TimeControl "180+1"]
[EndTime "11:10:19 PDT"]
[Termination "Game drawn - insufficient material"]

1. e4 e5 2. Bc4 Nf6 3. d3 Nc6 4. Nc3 Na5 5. Bg5 c6 6. f4 h6 7. Bh4 Nxc4 8. dxc4 Qa5 9. Qd3 Bb4 10. Ne2 d6 11.
fxe5 dxe5 12. Bxf6 gxf6 13. O-O Be6 14. Rxf6 Qc5+ 15.
Kh1 Qxc4 16. Qg3 Bd6 17. b3 Qc5 18. Rxe6+ fxe6 19. Qg6+ Kd7 20. Qg7+ Be7 21. Rd1+ Kc7 22. Na4 Qa3 23. Qxe5+ Bd6 24. Qg7+ Be7 25. Nf4 Rad8 26. Nxe6+ Kc8 27. Nxd8 Rxd8 28. Rf1 Rd7 29. Qxh6 Qxa2 30. Qh8+ Kc7 31. Qc3 Qa3 32. h3 b5 33. Ra1 Qb4 34.
Qxb4 Bxb4 35. Nb2 a5 36. Nd3 Bc3 37. Rf1 Kb6 38. Rb1 Ra7 39. e5 Kc7 40. g4 a4 41.
bxa4 bxa4 42. Nc1 a3 43. Na2 Bxe5 44. Rb3 Bb2 45. Kg2 Ra4 46. Rb4 Ra5 47. h4 Rc5 48. c4 Re5 49. Kf3 Re1 50. Ra4 Ra1 51.
Nb4 c5 52. Nd3 Bd4 53. Ke4 Kc6 54. Ra6+ Kb7 55. Ra4 a2 56. Kd5 Rd1 57. Rxa2 Rxd3 58. Ke6 Re3+ 59. Kf5 Rc3 60. g5 Rxc4 61. h5 Rc1 62. h6 Rf1+ 63. Ke6 Rg1 64. Kf5 Kc6 65. g6 Kd5 66. Rh2 Rf1+ 67. Kg4 Rg1+ 68. Kf5 Rf1+ 69.
Kg4 Ke6 70. Rg2 Kf6 71. g7 Kf7 72. Kh5 Rh1+ 73. Kg5 Kg8 74. Kg6 Be3 75. Re2 Rxh6+ 76. Kf5 Rh3 77. Kg4 Rh1 78. Rxe3 Kxg7 79. Re6 Rh7 80.
Rc6 Rh6 81. Rxc5 Rg6+ 82. Kf5 Rf6+ 83. Ke5 Rf7 84. Rc4 Re7+ 85. Kd6 Rf7 86. Rg4+ Kf8 87.
Ke6 Re7+ 88. Kf6 Rf7+ 89. Ke6 Re7+ 90. Kf5 Rf7+ 91. Kg5 Rg7+ 92. Kf4 Rxg4+ 93. Kxg4 1/2-1/2

[Event "*** Titled Tuesday Blitz"]
[Site "Chess.com"]
[Date "2021.04.06"]
[Round "6"]
[White "Abund"]
[Black "StockholmMissile"]
[Result "0-1"]
[WhiteElo "2733"]
[BlackElo "2592"]
[TimeControl "180+1"]
[EndTime "11:10:21 PDT"]
[Termination "StockholmMissile won by resignation"]

1. e4 e5 2. Nf3 Nc6 3. Bb5 a6 4.
Ba4 Nf6 5. d3 b5 6. Bb3 Bc5 7.
a4 Rb8 8. axb5 axb5 9. O-O d6 10. h3 h6 11. Nc3 O-O 12. Be3 Bb6 13. Qd2 Be6 14.
Nd5 Bxd5 15. exd5 Ne7 16. c4 Bxe3 17. Qxe3 Nf5 18. Qd2 bxc4 19. Bxc4 Nd7 20. Ra7 Nb6 21. Rc1 Re8 22. Bb5 Re7 23. Bc6 g5 24. Nh2 Kg7 25.
Nf3 f6 26. g4 Nd4 27. Nxd4 exd4 28. Re1 Re5 29. Re4 Nxd5 30. Bxd5 Rxd5 31. Qc2 Rc5 32. Qa4 Re5 33. Qxd4 Ra8 34. Rb7 Rb8 35. Qb4 Rxb7 36. Qxb7 Rxe4 37. dxe4 Qe7 38. b4 Kg6 39. b5 Qd8 40. Qd5 Qb8 41. Kg2 Kg7 42. Qc6 Qd8 43.
Kg3 Qe7 44. Kg2 Qd8 45. Kf3 Kf8 46. Qd5 Qd7 47. Kg2 Qe7 48. Qb7 Kf7 49. h4 gxh4 50. Kh3 Kg6 51. f4 h5 52. gxh5+ Kxh5 53. Qd5+ Kh6 54.
Qf5 Kg7 55. Kxh4 Qe8 56. Kg4 Qg6+ 57. Kf3 Qxf5 58. exf5 Kf7 59. Ke4 Ke7 60. Kd4 Kd8 61.
Kc4 Kc8 62. Kd5 Kd7 63. Kd4 c6 64. Kc4 Kc7 65. Kb4 Kb6 66. bxc6 Kxc6 67. Kc4 d5+ 68. Kd4 Kd6 69. Kd3 Kc5 70. Kc3 d4+ 71. Kd3 Kd5 72. Kd2 Ke4 73. Ke2 Kxf4 74. Kd3 Ke5 75. Kc4 Ke4 76.
Kc5 d3 77. Kd6 Kxf5 78. Kd5 d2 79. Kc5 d1=Q 80. Kb6 Ke4 81. Ka7 f5 82. Kb8 f4 83.
Kb7 f3 0-1

[Event "*** Titled Tuesday Blitz"]
[Site "Chess.com"]
[Date "2021.04.06"]
[Round "6"]
[White "scarabee43"]
[Black "dretch"]
[Result "0-1"]
[WhiteElo "2616"]
[BlackElo "2819"]
[TimeControl "180+1"]
[EndTime "11:10:45 PDT"]
[Termination "dretch won by resignation"]

1. d4 d5 2. c4 c6 3. Nc3 dxc4 4. a4 e5 5. dxe5 Qxd1+ 6. Kxd1 Nd7 7. Nf3 Nc5 8. Nd2 Be6 9. e3 O-O-O 10. Ke1 Nd3+ 11. Bxd3 cxd3 12. f4 f6 13. Nf3 fxe5 14. Nxe5 Nf6 15. e4 Bb4 16. Bd2 Bxc3 17. Bxc3 Nxe4 18. Rd1 Bb3 19. Rxd3 Rxd3 20. Nxd3 Rd8 21. Nf2 Nxc3 22. bxc3 Bxa4 23. Ke2 a5 24. Ra1 Bb5+ 25. Kf3 a4 26. g4 Kc7 27. h4 Kb6 28. f5 Kc5 29. g5 Kc4 30. Ne4 Kb3 31. Nc5+ Kb2 32.
Re1 a3 33. Ne6 Rd3+ 34. Kf4 a2 35. f6 gxf6 36. gxf6 Rd2 37. Ke5 a1=Q 38. Rxa1 Re2+ 39. Kd6 Kxa1 40. f7 Rxe6+ 41. Kxe6 Bc4+ 42. Kf6 Bxf7 43. Kxf7 Kb2 44. h5 Kxc3 45. h6 b5 46. Kg7 b4 47.
Kxh7 b3 48. Kg7 b2 49. h7 b1=Q 50. h8=Q Qf5 51. Qd8 c5 52. Qa5+ Kd4 53. Qd2+ Qd3 54.
Qf2+ Qe3 55. Qh4+ Kc3 56. Kg8 c4 57. Qf6+ Kc2 58. Qf5+ Kd2 59. Qd5+ Kc3 60. Qa5+ Kd3 61. Qd5+ Qd4 62. Qf5+ Kc3 63. Qf3+ Kb2 64. Qe2+ Kb3 65.
Qe1 Qd5+ 66. Kg7 Qg5+ 67. Kf7 Qf5+ 68. Kg7 c3 69. Qe3 Qd7+ 70. Kg8 Qd8+ 71. Kg7 Kb2 72.
Qe5 Qd7+ 73. Kg6 Qd3+ 74. Kg7 Kb1 75. Qe1+ Ka2 76. Qe6+ Kb1 77. Qe1+ Kc2 78. Qf2+ Qd2 79. Qf5+ Kc1 80. Qf1+ Kc2 81. Qf5+ Kb2 82. Qb5+ Kc1 83. Qf1+ Qd1 84. Qf4+ Kc2 85. Qe4+ Kb2 86. Qb4+ Qb3 87. Qd4 Qe6 88. Qf2+ Kb3 89. Qf3 Qd6 90. Qb7+ Qb4 91. Qd5+ Ka3 92. Qa8+ Kb2 93. Kg8 c2 94. Qg2 Qb3+ 95. Kh8 Qb6 96. Qe2 Kb1 97. Qd3 Qc5 98. Qb3+ Ka1 99. Qa4+ Kb2 100. Qa6 c1=Q 101. Qb7+ Kc3 102. Qf3+ Q1e3 103. Qf6+ Qcd4 104. Qxd4+ Qxd4+ 0-1

[Event "*** Titled Tuesday Blitz"]
[Site "Chess.com"]
[Date "2021.04.06"]
[Round "6"]
[White "eduardoperalta"]
[Black "TigranMukhutdinov"]
[Result "0-1"]
[WhiteElo "2493"]
[BlackElo "2607"]
[TimeControl "180+1"]
[EndTime "11:10:48 PDT"]
[Termination "TigranMukhutdinov won by resignation"]

1. d4 Nf6 2. c4 g6 3. Nc3 d5 4. cxd5 Nxd5 5. Nf3 Bg7 6. e4 Nxc3 7.
bxc3 c5 8. Rb1 O-O 9. Be2 b6 10.
O-O Bb7 11. Qd3 e6 12. Bg5 Qc7 13. Qe3 Nd7 14. Rbd1 Rae8 15. h4 Nf6 16. Bd3 h5 17. Rfe1 Ng4 18. Qd2 Rc8 19. Bf4 Qd7 20. Qe2 cxd4 21.
cxd4 Qa4 22. Qd2 Ba6 23. Bb1 Rfd8 24. d5 Bc3 25. Qc2 Qxc2 26. Bxc2 Bxe1 27. Nxe1 exd5 28. exd5 Bc4 29. d6 Bxa2 30. Ra1 Bd5 31. Rxa7 Ra8 32. Re7 Nf6 33. f3 Rd7 34. Be5 Rxe7 35. dxe7 Ne8 36. Nd3 Ra7 37. Nb4 Ba8 38. Bd4 Rxe7 39. Bxb6 Nd6 40. Bc5 Rd7 41. Ba4 Rd8 42. Nc6 Bxc6 43. Bxc6 Nf5 44. Bf2 Rd1+ 45. Kh2 Rd2 46. Kg1 Rc2 47.
Be4 Rc1+ 48. Kh2 Nd6 49. Bd5 Kg7 50. Bd4+ f6 51. Be3 Rd1 52. Bc6 Nf5 53. Bf4 Nxh4 54. Be4 Nf5 55. Bxf5 gxf5 56. Kh3 Kg6 57. Kg3 Rd4 58. Be3 h4+ 59. Kh3 Ra4 60. Bf2 Kh5 61. Be3 Ra2 62. Bg1 Ra1 63. Kh2 Rf1 64. Bd4 Re1 65. Bxf6 Re6 66. Bd4 Kg5 67. Bf2 Ra6 68. Be3+ f4 69. Bc5 Ra2 70. Be7+ Kf5 71. Bxh4 Ke5 72.
Be7 Kd4 73. Bg5 Ke3 74. Kh3 Ra1 75. Kh2 Ra8 76. Kg1 Rg8 77. Bh6 Rg6 78. Bf8 Ke2 79. Bc5 Rc6 80. Be7 Rc1+ 81. Kh2 Kf1 82. Bd6 Rc4 83. Kh3 Rd4 84. Be5 Rd2 85. Kg4 Kxg2 86. Kxf4 Rf2 87. Ke4 Rxf3 88. Bd4 Kg3 89. Kd5 Kf4 90.
Be5+ Kf5 91. Bd6 Rd3+ 92. Kc6 Ke6 93. Bc5 Rc3 94. Kb5 Kd5 95. Bf8 Rb3+ 96. Ka6 Kc6 97.
Ka5 Rb8 98. Ka4 Rxf8 0-1

[Event "*** Titled Tuesday Blitz"]
[Site "Chess.com"]
[Date "2021.04.06"]
[Round "6"]
[White "Sanyura"]
[Black "Rakesh"]
[Result "1/2-1/2"]
[WhiteElo "2595"]
[BlackElo "2498"]
[TimeControl "180+1"]
[EndTime "11:10:51 PDT"]
[Termination "Game drawn - insufficient material"]

1. e4 c5 2. Nf3 e6 3. d4 cxd4 4. Nxd4 a6 5. Bd3 Nc6 6. Nxc6 dxc6 7. O-O e5 8. f4 Bc5+ 9. Kh1 Nf6 10. Qf3 Ng4 11.
Qg3 h5 12. h3 Qd4 13. Qh4 Be7 14. Qe1 exf4 15. Bxf4 Qxb2 16. Nc3 Bb4 17. Bd2 Ne5 18. Rb1 Qa3 19. Qg3 Bxc3 20. Rb3 Qe7 21. Bxc3 Nxd3 22.
cxd3 Be6 23. Rb2 O-O-O 24. Rfb1 b5 25. a4 Qc5 26. Ba5 Rd7 27. axb5 axb5 28. Qxg7 Qd4 29. Qxd4 Rxd4 30. Bc3 Rhd8 31. Bxd4 Rxd4 32. Rd2 Bc4 33.
Kg1 c5 34. Rbb2 Bxd3 35. Kf2 c4 36. Rxb5 Kc7 37. Rc5+ Kb6 38. Rd5 Rxe4 39. R5xd3 cxd3 40. Rxd3 Kc5 41. Rd7 Rf4+ 42. Kg3 Rf6 43. Kh4 Rf5 44.
g4 hxg4 45. hxg4 Rf1 46. Kg5 Kc6 47. Rd2 Kc5 48. Kh6 Rf4 49. g5 Kc6 50. Kg7 Rf5 51. Kh6 Kc7 52. Re2 Kd7 53. Ra2 Ke7 54. Ra7+ Ke8 55.
Ra8+ Ke7 56. Ra7+ Ke6 57. Ra6+ Kd7 58. Rb6 Rf1 59. Kg7 Rf5 60. Rf6 Rxg5+ 61. Kxf7 Rh5 62. Rg6 Rh7+ 63. Rg7 Rh1 64. Kf6+ Kd6 65. Kf7 Rf1+ 66. Kg8 Ke6 67. Rg4 Kf6 68. Kh7 Rh1+ 69. Kg8 Rh5 70. Rf4+ Kg5 71. Rf2 Kg6 72. Kf8 Rb5 73. Ke7 Rb6 74.
Kd7 Kg5 75. Kc7 Re6 76. Rg2+ Kf4 77. Rd2 Ke3 78. Rd7 Re4 79. Rd8 Kf4 80. Kd6 Rd4+ 81.
Ke7 Re4+ 82. Kf6 Rb4 83. Rh8 Rb6+ 84. Ke7 Kf5 85. Rh5+ Kg6 86. Rc5 Rb4 87. Ke6 Re4+ 88. Kd5 Re1 89. Kd4 Kf6 90. Rc8 Ke7 91. Rc5 Rd1+ 92.
Ke3 Kd6 93. Rh5 Re1+ 94. Kd2 Re5 95. Rxe5 Kxe5 1/2-1/2

[Event "*** Titled Tuesday Blitz"]
[Site "Chess.com"]
[Date "2021.04.06"]
[Round "6"]
[White "mac0504"]
[Black "TST2014"]
[Result "1/2-1/2"]
[WhiteElo "2529"]
[BlackElo "2671"]
[TimeControl "180+1"]
[EndTime "11:10:55 PDT"]
[Termination "Game drawn by stalemate"]

1. e4 c5 2. Nf3 d6 3. d4 cxd4 4.
Nxd4 Nf6 5. Nc3 Nc6 6. Bc4 e5 7. Nxc6 bxc6 8. O-O Be7 9. Re1 O-O 10. Bg5 Rb8 11.
Bb3 Ne8 12. Be3 Qa5 13. Qd2 Qc7 14. Rad1 Kh8 15. f4 f5 16. fxe5 dxe5 17. exf5 Bxf5 18. Qe2 Nf6 19. Bf2 Ng4 20. Bg3 Bc5+ 21. Kh1 Ne3 22. Rd2 Bg4 23. Qa6 Bc8 24. Qe2 Rb6 25. Na4 Ba6 26.
Qh5 Bd4 27. Nxb6 axb6 28. h3 Nf1 29. Bxe5 Bxe5 30. Qxe5 Qxe5 31. Rxe5 Nxd2 32. Re6 Bb5 33. a4 Bc4 34. Bxc4 Nxc4 35. Rxc6 Nxb2 36. Rxb6 Nxa4 37.
Rb4 Nc3 38. Rc4 Nd5 39. Rd4 Nc3 40. Rd3 Ne2 41. Re3 Nc1 42. Re1 Na2 43. Ra1 Nb4 44. c3 Nd5 45. c4 Nb4 46. Rb1 Nc6 47. Rb6 Rc8 48. Kg1 Kg8 49. Kf2 Kf7 50. Ke3 Ke6 51.
Ke4 Kd6 52. Rb7 Rc7 53. c5+ Kd7 54. Rb1 Ne7 55. Rd1+ Ke6 56. Rc1 Nf5 57. g4 Ne7 58.
h4 Ng6 59. h5 Ne5 60. g5 Nd7 61. c6 Ne5 62. h6 gxh6 63. gxh6 Nxc6 64. Rg1 Rf7 65.
Rc1 Ne7 66. Rc7 Ng6 67. Rc6+ Kd7 68. Ra6 Rf4+ 69. Ke3 Rf7 70. Ra7+ Ke6 71. Ra6+ Kf5 72. Kf3 Kg5+ 73. Kg3 Kxh6 74. Kg4 Kg7 75. Kg5 h6+ 76. Kh5 Rf5+ 77. Kg4 Rg5+ 78. Kh3 h5 79. Ra7+ Kh6 80. Ra6 Rd5 81. Kh2 Rd3 82. Kg2 h4 83.
Ra5 Nf4+ 84. Kh2 h3 85. Rf5 Rf3 86. Kh1 Kg6 87. Rf8 Kg5 88. Rg8+ Kh4 89. Rh8+ Kg3 90. Rg8+ Kf2 91. Kh2 Nd3 92. Rh8 Nf4 93. Rh4 Kf1 94. Kh1 Ke2 95. Kh2 Ke3 96. Rh8 Rf2+ 97. Kh1 Kf3 98.
Rxh3+ Nxh3 1/2-1/2

[Event "*** Titled Tuesday Blitz"]
[Site "Chess.com"]
[Date "2021.04.06"]
[Round "6"]
[White "GigaQuparadze"]
[Black "KaterynaLagno"]
[Result "1/2-1/2"]
[WhiteElo "2853"]
[BlackElo "2681"]
[TimeControl "180+1"]
[EndTime "11:10:58 PDT"]
[Termination "Game drawn by stalemate"]

1. e4 e5 2. Nf3 Nc6 3. Bb5 a6 4.
Ba4 Nf6 5. O-O b5 6. Bb3 Bc5 7. a4 Rb8 8. Nc3 d6 9. h3 O-O 10. d3 h6 11. axb5 axb5 12. Nd5 Nxd5 13. exd5 Ne7 14.
d4 exd4 15. Nxd4 Bb7 16. Nxb5 Bxd5 17. Bxd5 Nxd5 18. Nd4 Qd7 19. c3 Bb6 20. Qd3 Rfe8 21. Nf5 Re5 22. Nh4 Qe6 23. Nf3 Re4 24. Bd2 Re8 25. Rae1 Nf6 26. Rxe4 Qxe4 27. Qb5 Qc2 28. Rc1 Qg6 29. Re1 Rxe1+ 30. Bxe1 Qe4 31. b4 d5 32. Qc6 Nh5 33. c4 Qxc4 34. Qe8+ Kh7 35. Qxf7 Nf4 36. Qf5+ Kg8 37. Ne5 Qe4 38. Qxe4 dxe4 39. Kf1 Bd4 40.
Nc4 Nd3 41. b5 Kf7 42. Ba5 Nxf2 43. Bxc7 Nd3 44. Nd6+ Ke6 45. Nxe4 Kd5 46. Ng3 g6 47. Ne2 Be3 48. Nc3+ Kc4 49. Ke2 Bg1 50. Ne4 Nc1+ 51. Kd1 Nb3 52. b6 Na5 53. Ke2 Kd5 54. Nf6+ Kc6 55.
Ng4 Bxb6 56. Bxb6 Kxb6 57. Nxh6 Kc6 58. Nf7 Kd5 59. Nh8 g5 60. Kf3 Ke6 61. Ng6 Kf6 62.
Nf8 Nc6 63. Nd7+ Kf5 64. g4+ Ke6 65. Nc5+ Kf6 66. Ke4 Nb4 67. Kd4 Nc2+ 68. Kd3 Nb4+ 69. Ke3 Nc6 70. Ne4+ Kg6 71. Nd2 Ne5 72. Ke4 Nc6 73.
Kd5 Nb4+ 74. Ke4 Nc2 75. Nf3 Nb4 76. Ne5+ Kf6 77. Nd7+ Ke6 78. Nf8+ Kf6 79. Nd7+ Ke6 80. Nc5+ Kf6 81. Nd3 Nc2 82. Nf2 Nb4 83. Nd1 Nc2 84. Ne3 Ne1 85. Nd5+ Kg6 86. Ke5 Nf3+ 87. Ke4 Ng1 88.
Ne7+ Kf6 89. Ng8+ Kg7 90. Ne7 Kf6 91. Nd5+ Kg6 92. Ke3 Nxh3 93. Kf3 Nf4 94. Nxf4+ gxf4 95. Kxf4 Kf6 96. g5+ Kg6 97. Kg4 Kg7 98. Kf5 Kf7 99.
g6+ Kg7 100. Kg5 Kg8 101. Kh6 Kh8 102. g7+ Kg8 103. Kg6 1/2-1/2

[Event "*** Titled Tuesday Blitz"]
[Site "Chess.com"]
[Date "2021.04.06"]
[Round "6"]
[White "Ave_Mariia"]
[Black "chessbia"]
[Result "1/2-1/2"]
[WhiteElo "2465"]
[BlackElo "2327"]
[TimeControl "180+1"]
[EndTime "11:10:59 PDT"]
[Termination "Game drawn by repetition"]

1. d4 d5 2. c4 e6 3. Nf3 Nf6 4. g3 Be7 5. Bg2 O-O 6. O-O dxc4 7. Qc2 a6 8. a4 Bd7 9. Qxc4 Bc6 10. Bf4 Nbd7 11.
Nc3 Nb6 12. Qd3 Nbd5 13. Bc1 Nb4 14. Qb1 Bxf3 15. Bxf3 Qxd4 16. Be3 Qe5 17. Bf4 Qa5 18. Bxb7 Rab8 19. Bg2 Bd6 20. Bxd6 cxd6 21. Rd1 d5 22. e4 Rfd8 23. exd5 Nbxd5 24. Nxd5 Nxd5 25. Qc2 g6 26. Rd4 Qb6 27. Rd2 Nb4 28. Qc3 Rxd2 29. Qxd2 Rd8 30.
Qe2 a5 31. Rc1 Qd4 32. Bf1 Kg7 33. Rc4 Qd2 34. Qe5+ Kg8 35. Qxa5 Na2 36. Qxd2 Rxd2 37. b4 Rb2 38. b5 Nb4 39. a5 Nd5 40. a6 Kg7 41.
Rc8 Ra2 42. Rb8 h5 43. Rb7 h4 44. a7 hxg3 45. hxg3 Kf6 46. b6 Nxb6 47. Rxb6 Rxa7 48.
Kg2 Ra1 49. Bd3 g5 50. Kf3 Ra3 51. Ke3 Ke5 52. Rb5+ Kf6 53. Ke2 Ra2+ 54. Kf3 Ra3 55. Ke4 Ra4+ 56. Ke3 Ra3 57. Rb4 Ke7 58. Rd4 Kf6 59. Ke2 Ke5 60. Re4+ Kf6 61. Rb4 Ra2+ 62. Kf1 Ra1+ 63. Kg2 Ra2 64. Rb7 Ra3 65. Bb5 Kg6 66.
Be8 Kf6 67. Bxf7 e5 68. Bg8 e4 69. Rf7+ Ke5 70. Re7+ Kf5 71. Bh7+ Kf6 72. Bxe4 Ra2 73.
Re8 g4 74. Rb8 Ke5 75. Bd5 Kxd5 76. Rd8+ Ke5 77. Rg8 Kf6 78. Rf8+ Kg5 79. Rg8+ Kf5 80. Kh2 Rxf2+ 81. Kg1 Rf3 82. Kg2 Re3 83. Rf8+ Kg5 84.
Rg8+ Kf5 85. Rh8 Ra3 86. Rf8+ Kg5 87. Rg8+ Kf5 88. Rf8+ Kg5 89. Kf2 Ra2+ 90. Ke3 Ra3+ 91. Kf2 Ra2+ 92. Kg1 Ra3 93. Kg2 Ra2+ 94. Kg1 Ra1+ 95.
Kg2 Ra2+ 96. Kf1 Ra1+ 97. Ke2 Ra2+ 98. Ke3 Ra3+ 99. Ke4 Rxg3 100. Rg8+ Kh4 101. Rh8+ Kg5 102. Rg8+ Kh4 103. Rh8+ Kg5 104. Rg8+ 1/2-1/2

[Event "*** Titled Tuesday Blitz"]
[Site "Chess.com"]
[Date "2021.04.06"]
[Round "7"]
[White "AttackSparrow"]
[Black "Smile2005"]
[Result "1-0"]
[WhiteElo "2536"]
[BlackElo "2372"]
[TimeControl "180+1"]
[EndTime "11:12:38 PDT"]
[Termination "AttackSparrow won by resignation"]

1. e4 d5 2. exd5 Nf6 3. c4 e6 4. d4 exd5 5. Nf3 Bb4+ 6. Bd2 Bxd2+ 7. Nbxd2 O-O 8. Be2 Re8 9. O-O c5 10. dxc5 dxc4 11. Nxc4 Qxd1 12. Bxd1 Na6 13. Nd6 Rd8 14. Rc1 Nxc5 15. Nxf7 Kxf7 16. Rxc5 Be6 17. Ng5+ Ke7 18.
Re5 Rd6 19. Bb3 1-0

[Event "*** Titled Tuesday Blitz"]
[Site "Chess.com"]
[Date "2021.04.06"]
[Round "7"]
[White "kamilianin235"]
[Black "karinachess1"]
[Result "0-1"]
[WhiteElo "2261"]
[BlackElo "2485"]
[TimeControl "180+1"]
[EndTime "11:12:51 PDT"]
[Termination "karinachess1 won by resignation"]

1. e4 e5 2. Nf3 d5 3. exd5 e4 4. Qe2 Nf6 5. Nc3 Be7 6. Nxe4 O-O 7. d3 Re8 8. Be3 Nxd5 9. O-O-O f5 10. Nc3 Nxc3 11.
bxc3 Ba3+ 12. Kb1 f4 13. Ng5 Qxg5 14. Bxf4 Qb5+ 0-1

[Event "*** Titled Tuesday Blitz"]
[Site "Chess.com"]
[Date "2021.04.06"]
[Round "7"]
[White "ajedrez1101"]
[Black "shreyansshah123"]
[Result "1-0"]
[WhiteElo "2118"]
[BlackElo "1638"]
[TimeControl "180+1"]
[EndTime "11:12:58 PDT"]
[Termination "ajedrez1101 won by resignation"]

1. d4 Nf6 2. Bf4 g6 3. Nc3 Bg7 4. e4 d6 5. Qd2 Nbd7 6. O-O-O e5 7. dxe5 dxe5 8. Bxe5 O-O 9. Bd4 c5 10. Bxc5 Qa5 11. Bxf8 1-0

[Event "*** Titled Tuesday Blitz"]
[Site "Chess.com"]
[Date "2021.04.06"]
[Round "7"]
[White "friesnielsen2302"]
[Black "Chandradi"]
[Result "1-0"]
[WhiteElo "2531"]
[BlackElo "2381"]
[TimeControl "180+1"]
[EndTime "11:13:11 PDT"]
[Termination "friesnielsen2302 won by resignation"]

1. Nf3 Nf6 2. g3 b5 3. Bg2 Bb7 4. O-O a6 5. d3 g6 6. e4 d6 7. Nh4 Bg7 8. f4 c5 9. Nc3 O-O 10. e5 Bxg2 11. exf6 Bxf1 12. fxg7 Kxg7 13. Qxf1 e6 14.
Ne4 Qc7 15. b3 f6 16. Bb2 h6 17. g4 d5 18. Ng3 g5 19. Nh5+ 1-0

[Event "*** Titled Tuesday Blitz"]
[Site "Chess.com"]
[Date "2021.04.06"]
[Round "7"]
[White "pfalcon1949"]
[Black "Rodchenkov_Vitalij"]
[Result "1-0"]
[WhiteElo "1994"]
[BlackElo "2134"]
[TimeControl "180+1"]
[EndTime "11:13:28 PDT"]
[Termination "pfalcon1949 won by checkmate"]

1. c4 e5 2. Nc3 Nf6 3. g3 d5 4. cxd5 Nxd5 5. Bg2 Nb6 6. e3 Nc6 7. Nge2 Be7 8. O-O O-O 9. f4 exf4 10. Nxf4 Re8 11. b3 Bf6 12. Bb2 a5 13. Nfd5 Nxd5 14.
Bxd5 Bxc3 15. Bxf7+ Kh8 16. Bxe8 Bxb2 17. Rf8# 1-0

[Event "*** Titled Tuesday Blitz"]
[Site "Chess.com"]
[Date "2021.04.06"]
[Round "7"]
[White "EfrenRamos1"]
[Black "laskerisalive"]
[Result "1-0"]
[WhiteElo "2310"]
[BlackElo "2347"]
[TimeControl "180+1"]
[EndTime "11:13:52 PDT"]
[Termination "EfrenRamos1 won by resignation"]

1. d4 Nf6 2. Nf3 e6 3. c4 d5 4. g3 c6 5. Qc2 Bd6 6. Bg2 O-O 7.
O-O Ne4 8. Nfd2 f5 9. e3 Nd7 10. Nc3 Nxd2 11. Bxd2 Qe7 12. b3 b6 13. cxd5 cxd5 14.
Nxd5 1-0

[Event "*** Titled Tuesday Blitz"]
[Site "Chess.com"]
[Date "2021.04.06"]
[Round "7"]
[White "SirStrateg"]
[Black "Rakesh"]
[Result "1-0"]
[WhiteElo "2640"]
[BlackElo "2493"]
[TimeControl "180+1"]
[EndTime "11:13:53 PDT"]
[Termination "SirStrateg won by resignation"]

1. d4 Nf6 2. Bf4 c5 3. d5 d6 4. c4 g6 5. Nc3 Bg7 6. e4 O-O 7. Bd3 Nbd7 8. Nge2 a6 9. a4 Rb8 10.
O-O Nh5 11. Bg5 h6 12. Be3 e6 13. dxe6 fxe6 14. f4 Qe7 15. Qc2 Ndf6 16. h3 d5 17.
e5 d4 18. exf6 Bxf6 19. Bxg6 dxe3 20. Bxh5 e5 1-0

[Event "*** Titled Tuesday Blitz"]
[Site "Chess.com"]
[Date "2021.04.06"]
[Round "7"]
[White "anpospan"]
[Black "politeplayer"]
[Result "1-0"]
[WhiteElo "2408"]
[BlackElo "2255"]
[TimeControl "180+1"]
[EndTime "11:14:06 PDT"]
[Termination "anpospan won by resignation"]

1. d4 Nf6 2. c4 c5 3. Nf3 g6 4.
Nc3 Bg7 5. d5 d6 6. h3 O-O 7. a4 e6 8. e4 exd5 9. exd5 Re8+ 10. Be2 Ne4 11. Nxe4 Rxe4 12. O-O Nd7 13. Bd3 Re8 14. Bf4 Ne5 15. Nxe5 Bxe5 16. Bxe5 Rxe5 17. Re1 Qe7 18. Qd2 Bd7 19. Rxe5 Qxe5 20. Re1 Qf6 21. b3 Re8 22. Rxe8+ Bxe8 23. Qa5 Qa1+ 24. Bf1 Bd7 25. Qd8+ 1-0

[Event "*** Titled Tuesday Blitz"]
[Site "Chess.com"]
[Date "2021.04.06"]
[Round "7"]
[White "tylityli"]
[Black "colegiodemadrid"]
[Result "1-0"]
[WhiteElo "2348"]
[BlackElo "2483"]
[TimeControl "180+1"]
[EndTime "11:14:15 PDT"]
[Termination "tylityli won by resignation"]

1. d4 Nf6 2. c4 g6 3. Nc3 Bg7 4. e4 d6 5. Nge2 O-O 6. Ng3 h5 7. Be2 h4 8. Nf1 e5 9. d5 c5 10.
h3 Nh7 11. Nh2 f5 12. exf5 gxf5 13. f4 Nd7 14. O-O a6 15. Qe1 e4 16. Be3 Rb8 17. g4 hxg3 18. Qxg3 Rf6 19. Kh1 Nhf8 20. Rg1 Rg6 21.
Qf2 Rxg1+ 22. Rxg1 Nf6 23. Qh4 N6h7 24. Qxd8 1-0

[Event "*** Titled Tuesday Blitz"]
[Site "Chess.com"]
[Date "2021.04.06"]
[Round "7"]
[White "RD4ever"]
[Black "Shahaliyev"]
[Result "1-0"]
[WhiteElo "2882"]
[BlackElo "2656"]
[TimeControl "180+1"]
[EndTime "11:14:28 PDT"]
[Termination "RD4ever won by resignation"]

1. d4 d6 2. e4 Nf6 3. Nc3 e5 4. dxe5 dxe5 5. Qxd8+ Kxd8 6. Bc4 Ke8 7. Nf3 Nbd7 8. Ng5 Bb4 9. Nxf7 Rf8 10. Ng5 Nb6 11. Bd3 Bg4 12. h3 Bh5 13. a3 Bxc3+ 14. bxc3 h6 15.
Ne6 Rf7 16. a4 Nbd7 17. Ba3 b6 18. Nxc7+ 1-0

[Event "*** Titled Tuesday Blitz"]
[Site "Chess.com"]
[Date "2021.04.06"]
[Round "7"]
[White "Agibileg"]
[Black "LiverpooL174"]
[Result "0-1"]
[WhiteElo "2556"]
[BlackElo "2679"]
[TimeControl "180+1"]
[EndTime "11:14:28 PDT"]
[Termination "LiverpooL174 won by resignation"]

1. d4 Nf6 2. c4 d6 3. Nc3 Nbd7 4. e4 e5 5. Nf3 c6 6. Be2 g6 7. O-O Bg7 8. Be3 O-O 9. d5 c5 10. Ne1 Ne8 11. g4 f5 12. gxf5 gxf5 13. exf5 Ndf6 14.
Bd3 e4 15. Nxe4 Nxe4 16. Bxe4 Bxf5 17. Bxf5 Rxf5 18. Kh1 Qh4 19. Qe2 Nf6 20. Rg1 Kh8 21.
Nf3 Qe4 22. Rg3 Nh5 23. Kg2 Raf8 24. Rf1 Nf4+ 0-1

[Event "*** Titled Tuesday Blitz"]
[Site "Chess.com"]
[Date "2021.04.06"]
[Round "7"]
[White "biostatistician"]
[Black "J36225"]
[Result "1-0"]
[WhiteElo "2619"]
[BlackElo "2437"]
[TimeControl "180+1"]
[EndTime "11:15:00 PDT"]
[Termination "biostatistician won by resignation"]

1. d4 Nf6 2. Nf3 g6 3. c4 Bg7 4. Nc3 O-O 5. e4 d6 6. Be2 e5 7. dxe5 dxe5 8. Qxd8 Rxd8 9. Bg5 c6 10. Nxe5 Re8 11.
O-O-O Na6 12. Rd6 Be6 13. f4 Nc5 14. Bf3 h6 15. Bh4 Nh7 16. Bf2 Na6 17. Rhd1 g5 18.
g3 gxf4 19. gxf4 Bxe5 20. fxe5 Ng5 21. Be2 Bh3 22. Rxh6 Kg7 23. Rh5 Kg6 24. Be3 1-0

[Event "*** Titled Tuesday Blitz"]
[Site "Chess.com"]
[Date "2021.04.06"]
[Round "7"]
[White "seorobert1971"]
[Black "Ermito2020"]
[Result "0-1"]
[WhiteElo "2754"]
[BlackElo "2581"]
[TimeControl "180+1"]
[EndTime "11:15:01 PDT"]
[Termination "Ermito2020 won by resignation"]

1. Nf3 Nf6 2. d4 g6 3. c4 Bg7 4. g3 d6 5. Bg2 O-O 6. O-O Nbd7 7.
b3 e5 8. Bb2 e4 9. Ng5 Re8 10. Nc3 e3 11. fxe3 h6 12. Nge4 Ng4 13. Nd5 c6 14. Nxd6 cxd5 15. Nxf7 Qe7 16. Bxd5 Nxe3 17. Ne5+ Nxd5 18. cxd5 Nxe5 19. dxe5 Bxe5 0-1